 Dungeon Crawl Stone Soup version 0.27.1-16-g815e20cd7a (webtiles) character file.

Game seed: 7271570316979434842

129486 Gunterle the Quickloader (level 16, -1/87 HPs)
             Began as a Spriggan Arcane Marksman on Nov 21, 2021.
             Was the Champion of Okawaru.
             Slain by a deep elf knight (12 damage)
             ... on level 2 of the Elven Halls.
             The game lasted 03:14:51 (37080 turns).

Gunterle the Quickloader (SpAM)                    Turns: 37080, Time: 03:14:51

Health: -1/87      AC: 10    Str:  7    XL:     16   Next: 50%
Magic:  32/32      EV: 23    Int: 32    God:    Okawaru [******]
Gold:   968        SH:  0    Dex: 15    Spells: 23/37 levels left

rFire    + . .     SeeInvis +   c - +6 dagger "Qunesane" {drain, Fly rElec Int+4 Dex-3}
rCold    + + +     Faith    +   (shield restricted)
rNeg     + + .     Spirit   .   R - +2 troll leather armour
rPois    +         Reflect  .   H - +2 hat "Ricaebo" {Rampage rN+ Str+4 Int-3}
rElec    +         Harm     .   i - +1 cloak of Moepewk {Will++ Dex+4}
rCorr    .         Rampage  +   (gloves unavailable)
Will     ++++.                  (boots unavailable)
Stlth    ..........             j - amulet of faith
HPRegen  1.24/turn              V - ring of the Good {rF+ rC+++ Str-3 Int+6 Dex-2}
MPRegen  0.23/turn              A - ring "Erul" {rElec rPois rN+ Str-3 Int+7}

@: silenced, flying, studying 2 skills, very quick
A: very small, no large weapons, unfitting armour, see invisible, speed 3
a: Renounce Religion


You were on level 2 of the Elven Halls.
You worshipped Okawaru.
Okawaru was exalted by your worship.
You visited 5 branches of the dungeon, and saw 26 of its levels.
You also visited: Bailey, Gauntlet and Ice Cave.

You collected 3265 gold pieces.
You spent 2297 gold pieces at shops.

Inventory:

Hand Weapons
 a - a +1 double sword of draining
 b - a +4 scimitar of flaming
 c - the +6 dagger "Qunesane" (weapon) {drain, Fly rElec Int+4 Dex-3}
   (You took it off a minotaur in a Gauntlet)

   A truly terrible weapon, it drains the life of any living foe it strikes.
   Int:       It affects your intelligence (+4).
   Dex:       It affects your dexterity (-3).
   rElec:     It insulates you from electricity.
   Fly:       It grants you flight.
 f - a +1 arbalest of freezing
 X - a +5 arbalest of flaming
Missiles
 l - 10 atropa-tipped darts
 p - 159 arrows
 q - 592 stones
 r - 10 poisoned darts (quivered)
 z - 68 boomerangs
 D - 287 sling bullets
 G - 4 throwing nets
 M - 67 bolts
 N - 3 curare-tipped darts
Armour
 i - the +1 cloak of Moepewk (worn) {Will++ Dex+4}
   (Okawaru gifted it to you on level 1 of the Elven Halls)

   Dex:       It affects your dexterity (+4).
   Will:      It greatly increases your willpower.
 y - a +2 robe of fire resistance
 H - the +2 hat "Ricaebo" (worn) {Rampage rN+ Str+4 Int-3}
   (You acquired it in a bailey)

   Str:       It affects your strength (+4).
   Int:       It affects your intelligence (-3).
   rN:        It protects you from negative energy.
   Rampage:   It bestows one free step when moving towards enemies.
 R - a +2 troll leather armour (worn)
 Y - the +2 hood of the Assassin {Detection Stab+ Stlth++}
   (You bought it in a shop on level 2 of the Orcish Mines)

   It allows the wearer to sense nearby creatures.
   It allows the wearer to make particularly effective stabbing attacks against
   helpless or unaware enemies with any weapon.
   Stlth:     It makes you much more stealthy.
Jewellery
 j - an amulet of faith (around neck)
 m - an amulet of regeneration
 o - a ring of protection from fire
 t - the ring of Cipsikh {rF- rN+ rCorr Str+3 Dex+4}
   (You found it in an ice cave)

   [ring of positive energy]

   Str:       It affects your strength (+3).
   Dex:       It affects your dexterity (+4).
   rF:        It makes you vulnerable to fire.
   rN:        It protects you from negative energy.
   rCorr:     It protects you from acid and corrosion.
 A - the ring "Erul" (right hand) {rElec rPois rN+ Str-3 Int+7}
   (You found it in a Gauntlet)

   [ring of positive energy]

   Str:       It affects your strength (-3).
   Int:       It affects your intelligence (+7).
   rElec:     It insulates you from electricity.
   rPois:     It protects you from poison.
   rN:        It protects you from negative energy.
 C - a ring of ice
 S - the ring of the Six Glowing Suns {Wiz rC+ Str+2 Dex+3}
   (You found it in a bailey)

   [ring of wizardry]

   It improves your spell success rate.
   Str:       It affects your strength (+2).
   Dex:       It affects your dexterity (+3).
   rC:        It protects you from cold.
 U - a ring of fire
 V - the ring of the Good (left hand) {rF+ rC+++ Str-3 Int+6 Dex-2}
   (You acquired it in a bailey)

   [ring of intelligence]

   Str:       It affects your strength (-3).
   Int:       It affects your intelligence (+6).
   Dex:       It affects your dexterity (-2).
   rF:        It protects you from fire.
   rC:        It renders you almost immune to cold.
Wands
 k - a wand of paralysis (4)
 n - a wand of digging (1)
 J - a wand of iceblast (6)
 L - a wand of acid (5)
 Q - a wand of mindburst (5)
Scrolls
 d - 4 scrolls of vulnerability
 B - 13 scrolls of teleportation
 F - 3 scrolls of fog
 I - 2 scrolls of magic mapping
 Z - 9 scrolls of identify
Potions
 h - a potion of might
 s - 2 potions of haste
 u - a potion of cancellation
 v - a potion of magic
 w - 3 potions of lignification
 x - 11 potions of curing
 E - 4 potions of berserk rage
 T - 2 potions of ambrosia
Miscellaneous
 e - a phantom mirror (inert)
 g - a condenser vane (inert)
 K - a box of beasts
 O - a piece from Xom's chessboard (15/15)


   Skills:
 + Level 11.1 Fighting
 - Level 11.2(12.3) Short Blades
 * Level 6.7(8.8) Long Blades
 - Level 12.0 Slings
 * Level 13.3 Crossbows
 + Level 3.7 Armour
 + Level 12.4 Dodging
 + Level 11.3 Spellcasting
 + Level 13.0 Hexes
 - Level 3.5 Translocations
 - Level 3.4 Fire Magic
 + Level 7.7 Invocations


You had 23 spell levels left.
You knew the following spells:

 Your Spells              Type           Power      Damage    Failure   Level
a - Corona                Hex            87%        N/A       1%          1
b - Inner Flame           Hex/Fire       63%        N/A       1%          3
c - Slow                  Hex            79%        N/A       1%          2
d - Portal Projectile     Hex/Tloc       100%       N/A       1%          3
e - Cause Fear            Hex            39%        N/A       1%          4
f - Apportation           Tloc           80%        N/A       1%          1

Your spell library contained the following spells:

 Spells                   Type           Power      Damage    Failure   Level
 Dazzling Flash           Conj/Hex       100%       N/A       1%          3
 Summon Guardian Golem    Hex/Summ       56%        N/A       1%          3
 Animate Skeleton         Necr           36%        N/A       4%          1
 Summon Small Mammal      Summ           72%        N/A       4%          1
 Call Canine Familiar     Summ           18%        N/A       12%         3
 Frozen Ramparts          Ice            36%        1d5       12%         3
 Spider Form              Tmut/Pois      9%         N/A       12%         3
 Swiftness                Air            18%        N/A       12%         3
 Iskenderun's Mystic Bla  Conj/Tloc      29%        2d7       19%         4
 Ice Form                 Ice/Tmut       18%        N/A       36%         4
 Summon Ice Beast         Ice/Summ       18%        N/A       36%         4
 Summon Lightning Spire   Summ/Air       18%        N/A       36%         4
 Fireball                 Conj/Fire      14%        3d8       47%         5
 Starburst                Conj/Fire      14%        6d6       96%         6
 Eringya's Noxious Bog    Tmut/Pois      9%         N/A       99%         6
 Shadow Creatures         Summ           N/A        N/A       99%         6
 Ignition                 Fire           20%        3d7       100%        8
 Maxwell's Capacitive Co  Air            9%         ∞         100%        8


Dungeon Overview and Level Annotations

Branches:
Dungeon (15/15)            Temple (1/1) D:4            Lair (6/6) D:11
  Swamp (0/4) Lair:3       Spider (0/4) Lair:3        Slime (0/5) Lair:5
    Orc (2/2) D:12            Elf (2/3) Orc:2        Depths (0/5) D:15
 Bailey (visited)           IceCv (visited)         Gauntlet (visited)
 Vaults: D:13-14

Altars:
Ashenzari
Cheibriados
Dithmenos
Elyvilon
Fedhas
Gozag
Hepliaklqana
Kikubaaqudgha
Makhleb
Nemelex Xobeh
Okawaru
Qazlal
Sif Muna
Trog
Uskayaw
Vehumet
Wu Jian
Xom
Yredelemnul
Zin
The Shining One
Jiyva
Lugonu

Shops:
D:15 (!   Orc:1 !   Orc:2 [(=   Elf:1 :

Portals:
Abyss: D:6 Lair:6
Trove: D:12 (give 16 potions of curing)

Annotations:
D:6 2 transporters, 1 runed translucent door, njkz123's ghost, novice DrFi
D:8 2 transporters, exclusion: upstairs, Tzialkovskiy's ghost, journeyman MfIE
D:9 2 transporters, 3 runed translucent doors, exclusion: door
D:10 exclusion: downstairs
D:13 1 exclusion
Lair:1 2 transporters
Lair:5 1 runed translucent door
Elf:1 2 runed translucent doors, McKennaii's ghost, adept DjFE


Innate Abilities, Weirdness & Mutations

You are very small and have problems with some larger weapons.
You are too small for most types of armour.
You have supernaturally acute eyesight. (SInv)
You cover ground extremely quickly. (Speed+++)


Message History

Aim: a deep elf knight, wielding a +0 short sword (poisoned, 47% to hit)
You throw a poisoned dart.
The poisoned dart hits the deep elf knight!
The deep elf knight looks even sicker.
The deep elf knight points at you and mumbles some strange words.
The lance of force misses you.
Throw: 11 darts (poison)
Press: ? - help, Q - select action, (/) - cycle Shift-Dir - straight line, f/p - deep elf knight
Aim: a deep elf knight, wielding a +0 short sword (lightly wounded, very poisoned, 47% to hit)
You throw a poisoned dart.
The poisoned dart hits the deep elf knight.
The deep elf knight looks as sick as possible!
The deep elf knight is lightly wounded.
The deep elf zephyrmancer mumbles some strange words.
The deep elf zephyrmancer blinks!
The deep elf zephyrmancer enters a dispersal trap!
The deep elf knight blinks!
You blink.
The deep elf zephyrmancer blinks!
Unknown command.
The deep elf knight hits you but does no damage.
The deep elf zephyrmancer casts a spell.
The deep elf zephyrmancer blinks!
The deep elf knight casts a spell.
The deep elf knight seems to speed up.
There is a stone staircase leading up here.
The deep elf knight gestures at you while chanting.
The shard of ice hits you!! You partially resist.
The deep elf knight gestures at you while chanting.
The lance of force hits you!!
You stop ascending the stairs.
You are knocked back by the lance of force.
You slam into the closed door!
* * * LOW HITPOINT WARNING * * *
Okay, then.
Okay, then.
Okay, then.
Unknown command.
As you read the scroll of silence, it crumbles to dust.
A profound silence engulfs you. The deep elf knight closely misses you.
The deep elf knight hits you with a +0 short sword!
You die...

#.# ##.##
#.# #...#
#.# #...#
#.# #####
#.# #.# #.#
###'###
##...@.##
##!..(.e.##
#........e#
#....(..<.+
#.......^.#
#.........#
#.........#
##..$....##
##.....#+


You could see a deep elf knight (fast, very poisoned) and a deep elf
zephyrmancer.

Vanquished Creatures
  An orc warlord (Bailey)
  2 very ugly things
  Nessos (D:14)
  A deep elf annihilator (Elf:1)
  A minotaur (Gauntlet)
  Josephine (Orc:1)
  Fannar (Lair:2)
  A catoblepas (Lair:6)
  Erica (Lair:1)
  7 hydras
  3 boulder beetles
  4 centaur warriors
  3 two-headed ogres
  5 dancing weapons
  2 death knights
  4 thrashing horrors (Lair:6)
  4 orc high priests
  5 deep elf knights (Elf:1)
  A glowing orange brain (D:15)
  A skeletal warrior (D:12)
  A sixfirhy (Gauntlet)
  A swamp dragon (shapeshifter) (Lair:6)
  8 deep elf archers (Elf:1)
  9 deep elf zephyrmancers (Elf:1)
  18 deep elf pyromancers
  A wizard (D:15)
  An orc knight (D:14)
  4 orc sorcerers
  An orb spider (shapeshifter) (Lair:6)
  2 manticores
  A necromancer (IceCv)
  25 ugly things
  4 elephants (Lair:5)
  A salamander (shapeshifter) (D:14)
  5 black mambas
  A water nymph (shapeshifter) (Lair:6)
  An eye of devastation (shapeshifter) (Lair:6)
  A smoke demon (Lair:6)
  An ice statue (IceCv)
  3 gargoyles
  10 cane toads
  2 torpor snails (Lair:4)
  2 freezing wraiths (D:15)
  7 komodo dragons
  An anaconda simulacrum (IceCv)
  6 kobold demonologists
  2 efreet (D:13)
  3 rime drakes
  14 ice devils (IceCv)
  7 trolls
  3 entropy weaver simulacra (IceCv)
  3 ancient zymes
  3 meliai (D:14)
  6 polar bears
  A blink frog (shapeshifter) (D:15)
  A hornet (D:9)
  2 dream sheep
  23 blink frogs
  15 slime creatures
  3 flying skulls (Gauntlet)
  A tarantella (Lair:3)
  An air elemental (Elf:1)
  A fire elemental (Elf:1)
  2 water elementals (Elf:1)
  24 yaks
  3 wyverns
  8 wraiths
  3 basilisks (Lair:2)
  A chaos spawn (Lair:6)
  6 death yak simulacra (IceCv)
  14 vampire mosquitoes
  2 steam dragons
  9 wargs
  4 harpy simulacra (IceCv)
  14 water moccasins
  A floating eye (Elf:1)
  11 black bears (Lair:2)
  25 orc warriors
  A sky beast (D:5)
  3 ogres
  38 wolves
  16 centaurs
  2 phantoms (D:5)
  6 kobold brigands
  16 bullfrogs
  2 earth elementals (Elf:1)
  2 two-headed ogre simulacra (IceCv)
  5 cane toad simulacra (IceCv)
  11 small abominations
  6 elephant simulacra (IceCv)
  3 killer bees
  3 wights (D:6)
  2 electric eels
  5 howler monkeys
  A bullfrog zombie (D:6)
  17 jellies
  2 centaur skeletons
  6 centaur zombies
  A gnoll shaman (Orc:2)
  39 orc priests
  4 hounds (D:6)
  2 iguanas
  An iguana (shapeshifter) (D:15)
  30 orc wizards
  11 hell rats
  2 polar bear simulacra (IceCv)
  A troll simulacrum (IceCv)
  A wolf simulacrum (IceCv)
  A hound zombie (D:5)
  Robin (D:4)
  6 gnolls
  6 adders
  A naga simulacrum (IceCv)
  15 white imps
  3 worms
  2 dart slugs
  72 orcs
  11 endoplasms
  2 giant cockroaches
  13 goblins
  13 hobgoblins
  4 jackals (D:1)
  7 quokkas
  3 training dummies (D:15)
  4 ball pythons
  7 bats
  2 frilled lizards
  35 kobolds
  2 rats
831 creatures vanquished.

Vanquished Creatures (collateral kills)
  A deep elf elementalist (Elf:1)
1 creature vanquished.

Vanquished Creatures (others)
  A deep elf demonologist (Elf:1)
  A deep elf knight (Elf:1)
  A deep elf pyromancer (Elf:1)
  An ugly thing (Lair:6)
  A deep elf zephyrmancer (Elf:1)
  An orc wizard (D:9)
  An orc (D:6)
  A kobold (D:13)
  28 fungi
  49 plants
85 creatures vanquished.

Grand Total: 917 creatures vanquished

Notes
Turn   | Place    | Note
-------+----------+-------------------------------------------
     0 | D:1      | Gunterle the Spriggan Arcane Marksman began the quest for
                  | the Orb.
     0 | D:1      | Reached XP level 1. HP: 9/9 MP: 3/3
   672 | D:1      | Reached XP level 2. HP: 13/14 MP: 5/5
   906 | D:1      | Found a faded altar of an unknown god.
   947 | D:1      | Reached skill level 1 in Fighting
  2866 | D:2      | Reached XP level 3. HP: 18/18 MP: 5/7
  3070 | D:2      | Reached skill level 1 in Short Blades
  3187 | D:2      | Reached XP level 4. HP: 22/22 MP: 8/8
  4611 | D:4      | Found a shimmering blue altar of Sif Muna.
  4684 | D:4      | Learned a level 3 spell: Inner Flame
  4736 | D:4      | Reached XP level 5. HP: 17/25 MP: 9/9
  4837 | D:4      | Noticed Robin
  4927 | D:4      | Killed Robin
  5076 | D:4      | Found a staircase to the Ecumenical Temple.
  5093 | Temple   | Entered the Ecumenical Temple
  5191 | Temple   | Became a worshipper of Warmaster Okawaru
  5745 | D:4      | Learned a level 2 spell: Slow
  5749 | D:4      | Learned a level 3 spell: Portal Projectile
  5750 | D:5      | Entered Level 5 of the Dungeon
  5846 | D:5      | Reached XP level 6. HP: 21/30 MP: 11/11
  6079 | D:5      | Reached skill level 1 in Long Blades
  6162 | D:5      | Reached skill level 5 in Hexes
  6162 | D:5      | Reached skill level 1 in Fire Magic
  6222 | D:5      | Reached XP level 7. HP: 30/35 MP: 12/12
  6323 | D:5      | Reached * piety under Okawaru
  6596 | D:6      | Found an opulent altar of Gozag.
  6702 | D:6      | Found a one-way gate to the infinite horrors of the Abyss.
  6703 | D:6      | Found a transporter.
  6709 | D:6      | Noticed njkz123's ghost (novice DrFi)
  6719 | D:6      | Found a transporter.
  7122 | D:6      | Noticed a steam dragon
  7156 | D:6      | Killed a steam dragon
  7157 | D:6      | Reached XP level 8. HP: 39/40 MP: 14/14
  7251 | D:6      | Reached skill level 5 in Crossbows
  7259 | D:6      | Identified the +0 pair of boots of Sayxaruc {Int+6}
  7343 | D:6      | Reached ** piety under Okawaru
  7416 | D:6      | Found a runed translucent door.
  7905 | D:8      | Learned a level 4 spell: Cause Fear
  8031 | D:8      | Reached skill level 5 in Dodging
  8491 | D:8      | Found a transporter.
  8495 | D:8      | Noticed Tzialkovskiy's ghost (journeyman MfIE)
  8527 | D:8      | Found a transporter.
  8592 | D:8      | Found a shadowy altar of Dithmenos.
  8616 | D:8      | Found a hazy altar of Hepliaklqana.
  9160 | D:9      | Found a basalt altar of Yredelemnul.
  9160 | D:9      | Found an ancient bone altar of Kikubaaqudgha.
  9161 | D:9      | Noticed a death knight
  9173 | D:9      | Noticed a kobold demonologist
  9185 | D:9      | Killed a kobold demonologist
  9188 | D:9      | Noticed a kobold demonologist
  9217 | D:9      | Killed a kobold demonologist
  9217 | D:9      | Reached *** piety under Okawaru
  9218 | D:9      | Reached XP level 9. HP: 43/45 MP: 17/17
  9529 | D:9      | Reached skill level 5 in Spellcasting
  9793 | D:9      | Found a transporter.
  9845 | D:9      | Found a transporter.
 10018 | D:8      | Reached **** piety under Okawaru
 10026 | D:8      | Reached skill level 5 in Fighting
 10134 | D:9      | Noticed a two-headed ogre
 10187 | D:9      | Killed a two-headed ogre
 10187 | D:9      | Reached ***** piety under Okawaru
 10187 | D:9      | Received a gift from Okawaru
 10188 | D:9      | Reached XP level 10. HP: 51/51 MP: 19/19
 10394 | D:9      | Found a runed translucent gate.
 10395 | D:9      | Noticed a white ugly thing
 10396 | D:9      | Found a runed translucent gate.
 10396 | D:9      | Noticed a red ugly thing
 10398 | D:9      | Found a runed translucent gate.
 10398 | D:9      | Noticed a cyan ugly thing
 10633 | D:10     | Entered Level 10 of the Dungeon
 10921 | D:9      | Reached skill level 1 in Translocations
 11451 | D:10     | Found a broken altar of Ashenzari.
 11603 | D:11     | Noticed a centaur warrior
 11685 | D:11     | Noticed a boulder beetle
 11859 | D:11     | Noticed a manticore
 11910 | D:11     | Killed a manticore
 12030 | D:11     | Found a staircase to the Lair.
 12071 | D:11     | Found a flagged portal.
 12082 | Bailey   | Entered a bailey
 12141 | Bailey   | Noticed an orc warlord
 12370 | Bailey   | Found a runed translucent gate.
 12370 | Bailey   | Found a runed translucent gate.
 12380 | Bailey   | Found a runed translucent gate.
 12555 | Bailey   | Killed an orc warlord
 12555 | Bailey   | Received a gift from Okawaru
 12556 | Bailey   | Reached skill level 5 in Short Blades
 12556 | Bailey   | Reached XP level 11. HP: 39/57 MP: 20/22
 12608 | Bailey   | Identified the ring of the Six Glowing Suns {Wiz rC+ Str+2
                  | Dex+3}
 12627 | Bailey   | Acquired the ring of the Good {rF+ rC+++ Str-3 Int+6 Dex-2}
 12629 | Bailey   | Acquired the +2 hat "Ricaebo" {Rampage rN+ Str+4 Int-3}
 12630 | Bailey   | Acquired 847 gold pieces
 12648 | Bailey   | Reached skill level 10 in Slings
 12648 | Bailey   | Reached XP level 12. HP: 62/62 MP: 23/23
 12921 | D:12     | Noticed a four-headed hydra
 13025 | D:12     | Killed a four-headed hydra
 13025 | D:12     | Received a gift from Okawaru
 13136 | D:12     | Noticed a death knight
 13406 | D:12     | Reached skill level 1 in Invocations
 13424 | D:12     | Killed a death knight
 13876 | D:12     | Reached skill level 10 in Hexes
 13962 | D:12     | Noticed a two-headed ogre
 14005 | D:12     | Killed a two-headed ogre
 14005 | D:12     | Received a gift from Okawaru
 14246 | D:12     | Found a staircase to the Orcish Mines.
 14448 | D:12     | Found a portal to a secret trove of treasure.
 14801 | Orc:1    | Entered Level 1 of the Orcish Mines
 15237 | Orc:1    | Found Gedejeej's Distillery.
 15246 | Orc:1    | Bought a potion of berserk rage for 85 gold pieces
 15246 | Orc:1    | Bought a potion of curing for 51 gold pieces
 15246 | Orc:1    | Bought a potion of might for 68 gold pieces
 15246 | Orc:1    | Bought 2 potions of brilliance for 136 gold pieces
 15280 | Orc:2    | Entered Level 2 of the Orcish Mines
 15436 | Orc:2    | Found a gate leading to a gauntlet.
 15442 | Orc:2    | Found a staircase to the Elven Halls.
 15446 | Gauntlet | Entered a Gauntlet
 15446 | Gauntlet | Found a transporter.
 15459 | Gauntlet | Found a transporter.
 15460 | Gauntlet | Found a transporter.
 15474 | Gauntlet | Found a transporter.
 15476 | Gauntlet | Found a transporter.
 15489 | Gauntlet | Found a transporter.
 15503 | Gauntlet | Found a runed translucent gate.
 15504 | Gauntlet | Found a transporter.
 15504 | Gauntlet | Found a runed translucent gate.
 15505 | Gauntlet | Found a runed translucent gate.
 15513 | Gauntlet | Found a transporter.
 15513 | Gauntlet | Noticed a hell hog
 15522 | Gauntlet | Found a transporter.
 15546 | Gauntlet | Found a transporter.
 15556 | Gauntlet | Found a transporter.
 15559 | Gauntlet | Found a transporter.
 15581 | Gauntlet | Found a runed translucent door.
 15588 | Gauntlet | Found a transporter.
 15592 | Gauntlet | Found a transporter.
 15899 | Gauntlet | Identified the ring "Erul" {rElec rPois rN+ Str-3 Int+7}
 15950 | Gauntlet | Received a gift from Okawaru
 16127 | Gauntlet | Identified the +6 dagger "Qunesane" {drain, Fly rElec Int+4
                  | Dex-3}
 16127 | Gauntlet | Noticed a minotaur
 16144 | Gauntlet | Killed a minotaur
 17230 | Orc:1    | Noticed Josephine
 17254 | Orc:1    | Killed Josephine
 17255 | Orc:1    | Reached XP level 13. HP: 64/67 MP: 12/26
 18152 | Orc:2    | Received a gift from Okawaru
 18398 | Orc:2    | Received a gift from Okawaru
 18571 | Orc:2    | Found Qokic's Jewellery Shop.
 18571 | Orc:2    | Found Catifaut's Magic Scroll Shop.
 18572 | Orc:2    | Found Qury's Armour Boutique.
 18576 | Orc:2    | Found Bychoolu's Antique Weapon Boutique.
 18580 | Orc:2    | Bought a scroll of noise for 14 gold pieces
 18580 | Orc:2    | Bought a scroll of teleportation for 42 gold pieces
 18580 | Orc:2    | Bought a scroll of silence for 105 gold pieces
 18582 | Orc:2    | Bought a glowing arbalest for 172 gold pieces
 18584 | Orc:2    | Bought the +2 hood of the Assassin {Detection Stab+
                  | Stlth++} for 720 gold pieces
 18584 | Orc:2    | Found the +2 hood of the Assassin {Detection Stab+ Stlth++}
 18596 | Orc:2    | Bought a scroll of enchant weapon for 105 gold pieces
 18596 | Orc:2    | Bought a scroll of identify for 28 gold pieces
 18596 | Orc:2    | Bought a scroll of identify for 28 gold pieces
 18596 | Orc:2    | Bought a scroll of teleportation for 42 gold pieces
 18596 | Orc:2    | Bought a scroll of identify for 28 gold pieces
 18596 | Orc:2    | Bought a scroll of identify for 28 gold pieces
 18596 | Orc:2    | Bought a scroll of enchant weapon for 105 gold pieces
 18596 | Orc:2    | Bought a scroll of brand weapon for 280 gold pieces
 18596 | Orc:2    | Bought a scroll of identify for 28 gold pieces
 18596 | Orc:2    | Bought a scroll of identify for 28 gold pieces
 18849 | D:11     | Reached skill level 10 in Crossbows
 18956 | D:11     | Received a gift from Okawaru
 19327 | Lair:1   | Entered Level 1 of the Lair of Beasts
 19397 | Lair:1   | Found a transporter.
 19436 | Lair:1   | Found a transporter.
 19494 | Lair:1   | Received a gift from Okawaru
 19806 | Lair:1   | Noticed Erica
 19820 | Lair:1   | Killed Erica
 20238 | Lair:1   | Found a glowing golden altar of the Shining One.
 20538 | Lair:2   | Noticed Fannar
 20580 | Lair:2   | Killed Fannar
 20580 | Lair:2   | Received a gift from Okawaru
 21051 | Lair:2   | Reached ****** piety under Okawaru
 21536 | Lair:2   | Reached skill level 10 in Dodging
 22277 | Lair:2   | Reached XP level 14. HP: 58/74 MP: 28/28
 22357 | Lair:3   | Found a frozen archway.
 22419 | IceCv    | Entered an ice cave
 22730 | IceCv    | Found an ancient bone altar of Kikubaaqudgha.
 22775 | IceCv    | Reached skill level 5 in Invocations
 23018 | IceCv    | Received a gift from Okawaru
 23553 | IceCv    | Identified the ring of Cipsikh {rF- rN+ rCorr Str+3 Dex+4}
 23795 | Lair:3   | Found a hole to the Spider Nest.
 24208 | Lair:3   | Found a staircase to the Swamp.
 24244 | Lair:3   | Reached skill level 10 in Short Blades
 25034 | Lair:3   | Received a gift from Okawaru
 25244 | Lair:4   | Received a gift from Okawaru
 25549 | Lair:4   | Found the +8 orange crystal plate armour {Archmagi, Int+3
                  | Clar}
 26459 | Lair:5   | Found a runed translucent door.
 26460 | Lair:5   | Found a viscous altar of Jiyva.
 26460 | Lair:5   | Noticed an azure jelly
 26463 | Lair:5   | Noticed an azure jelly
 26466 | Lair:5   | Found a staircase to the Slime Pits.
 26565 | Lair:5   | Reached skill level 1 in Armour
 27135 | Lair:6   | Entered Level 6 of the Lair of Beasts
 28203 | Lair:6   | Reached skill level 10 in Spellcasting
 28243 | Lair:6   | Received a gift from Okawaru
 28340 | Lair:6   | Reached XP level 15. HP: 80/80 MP: 30/30
 29375 | Lair:6   | Found a corrupted altar of Lugonu.
 29418 | Lair:6   | Got the Grimoire of Intoxication and the Birds
 30100 | D:13     | Reached skill level 10 in Fighting
 30269 | D:13     | Identified the +2 quarterstaff of a Thousand Hells {speed,
                  | Drain rC+ rCorr SInv}
 30344 | D:13     | Identified the +0 robe of Qeqeof {-Cast Rampage Dex+2}
 30728 | D:14     | Noticed Nessos
 30744 | D:14     | Killed Nessos
 31182 | D:14     | Received a gift from Okawaru
 31420 | D:14     | Reached skill level 5 in Long Blades
 31621 | D:14     | Identified the +0 robe of Honour {+Inv rN+ rCorr Int-4
                  | Archmagi}
 32210 | D:15     | Entered Level 15 of the Dungeon
 32210 | D:15     | Found Vyfeevotz's Distillery.
 32553 | D:15     | Bought a potion of curing for 51 gold pieces
 32553 | D:15     | Bought a potion of curing for 51 gold pieces
 32553 | D:15     | Bought a potion of curing for 51 gold pieces
 32553 | D:15     | Bought a potion of curing for 51 gold pieces
 33277 | D:15     | Found Zipniw's Firing Range.
 33377 | D:15     | Found a shimmering blue altar of Sif Muna.
 33581 | D:15     | Received a gift from Okawaru
 33748 | D:15     | Found a staircase to the Depths.
 33987 | D:11     | Learned a level 1 spell: Apportation
 34033 | Elf:1    | Entered Level 1 of the Elven Halls
 34059 | Elf:1    | Identified the +1 cloak of Moepewk {Will++ Dex+4} (Okawaru
                  | gifted it to you on level 1 of the Elven Halls)
 34059 | Elf:1    | Received a gift from Okawaru
 34063 | Elf:1    | Reached XP level 16. HP: 23/86 MP: 26/31
 34827 | Elf:1    | Paralysed by an air elemental for 1 turns
 34835 | Elf:1    | Paralysed by an air elemental for 1 turns
 34837 | Elf:1    | Paralysed by an air elemental for 1 turns
 35685 | Elf:1    | Received a gift from Okawaru
 35767 | Elf:1    | Found an ancient bone altar of Kikubaaqudgha.
 36052 | Elf:1    | Received a gift from Okawaru
 36134 | Elf:1    | Found Zumifo Idosa's Book Emporium.
 36150 | Elf:1    | Found a large runed translucent door.
 36151 | Elf:1    | Found a large runed translucent door.
 36154 | Elf:1    | Noticed McKennaii's ghost (adept DjFE)
 36367 | Elf:1    | Got the Tome of the Escort
 37080 | Elf:2    | Slain by a deep elf knight

Illustrated notes

Levels and vault maps discovered:
D:1:      amcnicky_arrival_gap_in_the_tavern_cellar, layout_basic,
          basic_ecumenical_altar
D:2:      kennysheep_big_flooded_room, layout_basic, hangedman_decor_lopped
D:3:      layout_loops_ring, minivault_14
D:4:      layout_cave_pods, overflow_temple_1_default,
          minmay_temple_entry_crystal_x, uniq_robin
D:5:      layout_loops_ring
D:6:      kennysheep_six_static_rooms, layout_rooms,
          mainiacjoe_overflow_small_starburst, gammafunk_ghost_abyssal_escape,
          lightli_church_of_beogh
D:7:      layout_rooms, hangedman_ru_absence
D:8:      layout_loops_cross, riverfiend_overflow_shadow_ancestor,
          gammafunk_ghost_stat_death
D:9:      layout_irregular_city, gammafunk_temple_of_torment,
          ploomutoo_gammafunk_ghost_potion_laboratory,
          hellmonk_bongcloud_opening, minivault_25
D:10:     layout_basic, kennysheep_mini_moat
D:11:     layout_small_grid, erik_lair_orcish_takeover, enter_bailey_5
D:12:     layout_loops_ring, david_orc_2, enter_trove_0
D:13:     layout_roguey, hangedman_vaults_entry_quadrant_bands
D:14:     layout_cave_pools, minmay_crystal_room, uniq_nessos
D:15:     gammafunk_enter_depths_forms, layout_long_grid, serial_shops, shop,
          old_standard_altar, nicolae_shop_firing_range
Temple:   dpeg_chambers_temple
Lair:1:   gammafunk_cloud_chamber, layout_regular_city, lemuel_centaur_altar,
          grunt_megastairs_5, infiniplex_staircase_pool, uniq_erica
Lair:2:   lemuel_slime, layout_chaotic_city, st_stairs_9, beast_lair_carwin_10,
          grunt_megastairs_2, uniq_fannar
Lair:3:   layout_cave_pods, swamp_mist_pool, spider_nest_entry_rubble,
          portal_ice_cave_entry_imps, grunt_megastairs_4
Lair:4:   layout_misc_corridors, serial_bayou_ford_a
Lair:5:   layout_regular_city, slime_altar_2
Lair:6:   hellmonk_lair_end_abyssal_woods, layout_regular_city,
          serial_bayou_shore_b
Orc:1:    layout_caves, serial_shops, nicolae_lakefront_shop, uniq_josephine
Orc:2:    st_orc_mages, layout_diamond_mine, gauntlet_entry_generic,
          lightli_orcish_oven
Elf:1:    nicolae_elf_arrival_no_cutting_in_line, layout_loops_corners,
          basic_altar, ebering_ghost_disaster_area, serial_shops,
          nicolae_shop_waterfront, minmay_elf_demonology, drop_trap,
          nicolae_elf_stone_circles, onia_ninara_cookie
Elf:2:    nicolae_elf_blades_crystal_corner, layout_geoelf_octagon

Skill      XL: |  1  2  3  4  5  6  7  8  9 10 11 12 13 14 15 16 |
---------------+-------------------------------------------------+-----
Fighting       | 1 2 3 4 5 6 7 8 9 10 11 | 11.1
Dodging        | 3 4 5 6 7 9 10 11 12 | 12.4
Spellcasting   | 2 3 4 5 6 8 9 10 11 | 11.3
Hexes          | 4 5 7 8 9 10 11 12 13 | 13.0
Short Blades   | 1 3 5 7 9 11 | 11.2
Crossbows      | 3 4 6 7 8 9 10 11 12 13 | 13.3
Long Blades    | 1 2 3 4 5 6 |  6.7
Fire Magic     | 1 2 3 |  3.4
Translocations | 3 |  3.5
Slings         | 10 11 12 | 12.0
Invocations    | 3 4 6 7 |  7.7
Armour         | 1 3 |  3.7

Action                   |  1- 3 |  4- 6 |  7- 9 | 10-12 | 13-15 | 16-18 || total
-------------------------+-------+-------+-------+-------+-------+-------++-------
Melee: Dagger            |   239 |   237 |    11 |   108 |   975 |   198 ||  1768
       Falchion          |       |    68 |   183 |       |       |       ||   251
       Scimitar          |       |       |    38 |    15 |    77 |    79 ||   209
       Short sword       |       |       |    98 |   242 |       |       ||   340
       Arbalest          |       |       |       |     3 |       |       ||     3
       Punch             |       |       |       |       |     3 |       ||     3
 Fire: Hand crossbow     |    47 |    46 |   110 |   357 |       |       ||   560
       Arbalest          |       |       |       |   115 |  1434 |   111 ||  1660
Throw: Dart              |       |    38 |    80 |    80 |    19 |    44 ||   261
       Boomerang         |       |       |     9 |    34 |   101 |     9 ||   153
       Throwing net      |       |       |       |       |     7 |     1 ||     8
 Cast: Portal Projectile |       |       |       |    20 |    20 |     5 ||    45
       Inner Flame       |       |       |       |    13 |       |       ||    13
       Slow              |       |       |       |     2 |       |       ||     2
       Cause Fear        |       |       |       |     2 |     2 |       ||     4
Invok: Heroism           |       |       |     4 |     5 |     2 |     1 ||    12
       Finesse           |       |       |       |     9 |    10 |     4 ||    23
Evoke: Piece from Xom's  |       |       |       |     3 |       |     1 ||     4
       Wand              |       |       |       |       |     7 |    17 ||    24
       Condenser vane    |       |       |       |       |     2 |     1 ||     3
       Phantom mirror    |       |       |       |       |       |     1 ||     1
  Use: Scroll            |       |     6 |     5 |    12 |     6 |     2 ||    31
       Potion            |       |     1 |       |    14 |     3 |       ||    18
 Stab: Distracted        |     1 |       |       |       |       |       ||     1
       Sleeping          |       |     3 |     1 |       |     1 |       ||     5
       Invisible         |       |     2 |       |       |       |       ||     2
       Held in net/web   |       |       |       |       |     6 |       ||     6
       Confused          |       |       |       |       |       |     2 ||     2
Armor: Robe              |    35 |    25 |    26 |       |       |       ||    86
       Steam dragon scal |       |       |     1 |    89 |       |       ||    90
       Troll leather arm |       |       |       |    20 |   189 |    21 ||   230
Dodge: Dodged            |   229 |   217 |   375 |   732 |  1397 |   194 ||  3144
       Rpst.: Falchion   |       |    19 |    55 |       |       |       ||    74
       Scimitar          |       |       |    12 |    11 |    21 |    13 ||    57
